 Dungeon Crawl Stone Soup version 0.27-a0-1525-g1038ab4fd7 (webtiles) character file.

Game seed: 4918473504193990375

1 Wyvernaa the Sneak (level 1, 0/14 HPs)
             Began as a Kobold Delver on July 10, 2021.
             Slain by a bullfrog (3 damage)
             ... on level 7 of the Dungeon.
             The game lasted 00:02:38 (149 turns).

Wyvernaa the Sneak (Kobold Delver)                   Turns: 149, Time: 00:02:39

Health: 0/14       AC:  3    Str:  9    XL:     1   Next: 22%
Magic:  1/1        EV: 14    Int: 11    God:
Gold:   0          SH:  0    Dex: 16    Spells: 0/0 levels left

rFire    . . .     SeeInvis .   a - +0 short sword
rCold    . . .     Faith    .   (shield restricted)
rNeg     . . .     Spirit   .   b - +0 leather armour
rPois    .         Reflect  .   (no helmet)
rElec    .         Harm     .   (no cloak)
rCorr    .         Rampage  .   (no gloves)
Will     .....                  (no boots)
Stlth    ++++......             (no amulet)
HPRegen  0.04/turn              (no ring)
MPRegen  0.07/turn              (no ring)

@: hasted, very quick
A: small, no large weapons, nightstalker 3
a: no special abilities


You were on level 7 of the Dungeon.
You visited 1 branch of the dungeon, and saw 3 of its levels.

Inventory:

Hand Weapons
 a - a +0 short sword (weapon)
Armour
 b - a +0 leather armour (worn)
Jewellery
 d - a ring of ice
Wands
 g - a wand of digging (2)


   Skills:
 + Level 3.2 Fighting
 + Level 2.6 Short Blades
 + Level 2.4 Dodging
 * Level 6.7 Stealth


You couldn't memorise any spells.
You didn't know any spells.
Your spell library was empty.

Dungeon Overview and Level Annotations

Branches:
Dungeon (5/15)
 Temple: D:4-7

Altars:


Innate Abilities, Weirdness & Mutations

You are small and have problems with some larger weapons.
You are completely attuned to the shadows.


Message History

There is a stone staircase leading up here.
You climb upwards.
An adder and a goblin come into view.
There is a stone staircase leading down here.
Okay, then.
Found a stone staircase leading down.
You open the door.
A giant cockroach comes into view.
There is an open door here.
The helpless giant cockroach fails to defend itself.
You impale the giant cockroach!!
You kill the giant cockroach!
A goblin comes into view. It is wielding a +0 dagger.
You fall into a shaft and drop 3 floors!
The shaft crumbles and collapses.
A bullfrog comes into view.
The bullfrog moves out of view.
Okay, then.
The bullfrog completely misses you.
Okay, then.
As you read the scroll of fog, it crumbles to dust.
The scroll dissolves into smoke.
The bullfrog hits you!
Ouch! That really hurt!
You closely miss the bullfrog. The bullfrog closely misses you.
The bullfrog barely misses you.
You barely miss the bullfrog. The bullfrog hits you.
* * * LOW HITPOINT WARNING * * *
The bullfrog hits you but does no damage.
You feel yourself speed up. The bullfrog barely misses you.
The bullfrog closely misses you.
Found 14 gold pieces.
Found 18 gold pieces.
Found 26 stones.
You see here 14 gold pieces.
You aren't carrying any scrolls.
Unknown command.
You aren't carrying any potions.
Unknown command.
The bullfrog hits you.
You die...

...#........
...#........
#. #...$.#..
#.#...#
$.....####
#.#.#.(...
#.#.#..###
.....F#
##.##@# #.
#.# # #..
###[ ..


You could see a bullfrog.

Vanquished Creatures
  A giant cockroach (D:4)
1 creature vanquished.

Notes
Turn   | Place    | Note
-------+----------+-------------------------------------------
     0 | D:5      | Wyvernaa the Kobold Delver began the quest for the Orb.
     0 | D:5      | Reached XP level 1. HP: 14/14 MP: 1/1
    28 | D:5      | Noticed a scorpion
    28 | D:5      | Noticed a phantom
    74 | D:5      | Noticed an ice beast
    81 | D:5      | Noticed an iguana
   125 | D:4      | You fall into a shaft and drop 3 floors!
   126 | D:7      | Noticed a bullfrog
   149 | D:7      | Slain by a bullfrog

Illustrated notes

Levels and vault maps discovered:
D:4:      layout_gridville, nicolae_overflow_hidden_temple,
          minmay_temple_entry_gardened_gates, st_stairs_1
D:5:      layout_basic, cheibrodos_worm_habitat
D:7:      layout_loops_cross

Action                   || total
-------------------------++-------
Melee: Short sword       ||     3
Evoke: Wand              ||     1
  Use: Scroll            ||     3
       Potion            ||     1
 Stab: Sleeping          ||     1
Armor: Leather armour    ||     1
Dodge: Dodged            ||     5

Table legend: (Time is in decaauts)
 A = Elapsed time spent in this place.
 B = Non-inter-level travel time spent in this place.
 C = Inter-level travel time spent in this place.
 D = Time resting spent in this place.
 E = Time spent auto-exploring this place.
 F = Levels seen in this place.
 G = Mean time per level.
                   A        B        C        D        E       F      G
               +--------+--------+--------+--------+--------+-----+--------+
         Total |    144 |    144 |      0 |      0 |      0 |   3 |   48.0 |
       Dungeon |    144 |    144 |      0 |      0 |      0 |   3 |   48.0 |
               +--------+--------+--------+--------+--------+-----+--------+

Top non-repeatable levels by time:
     D:5: 95 daAuts
     D:4: 29 daAuts
     D:7: 19 daAuts
